 Dungeon Crawl Stone Soup version 0.29.0 (webtiles) character file.

Game seed: 6320346010561101215

908 LustLizard the Gusty (level 8, 0/58 HPs)
             Began as a Gnoll Wanderer on Aug 25, 2022.
             Was an Initiate of Yredelemnul.
             Slain by Ijyb
             ... wielding a +0 club
              (1 damage)
             ... on level 5 of the Dungeon.
             The game lasted 00:14:36 (6733 turns).

LustLizard the Gusty (Gnoll Wanderer)               Turns: 6733, Time: 00:14:38

Health: 0/58       AC:  6    Str:  9    XL:     8   Next: 8%
Magic:  7/14       EV: 10    Int: 17    God:    Yredelemnul [......]
Gold:   176        SH:  0    Dex: 11    Spells: 13/15 levels left

rFire   . . .      SeeInvis .   x - +4 scythe (venom)
rCold   . . .      Faith    .   (shield currently unavailable)
rNeg    . . .      Spirit   .   l - +0 ring mail
rPois   .          Reflect  .   m - +1 hat
rElec   .          Harm     .   (no cloak)
rCorr   .          Rampage  .   (no gloves)
Will    +....                   (no boots)
Stlth   ++........              (no amulet)
HPRegen 0.19/turn               u - ring of willpower
MPRegen 0.14/turn               (no ring)

@: lethally poisoned (0 -> -5)
A: fangs 1, strong nose, distributed training
a: Renounce Religion, Recall Undead Harvest


You were on level 5 of the Dungeon.
You worshipped Yredelemnul.
Yredelemnul was noncommittal.
You visited 1 branch of the dungeon, and saw 5 of its levels.

You collected 302 gold pieces.
You spent 126 gold pieces at shops.

Inventory:

Hand Weapons
 a - a +0 dagger
 r - a +1 vorpal falchion
 x - a +4 scythe of venom (weapon)
Missiles
 v - 4 javelins
 A - 6 curare-tipped darts
 B - 10 poisoned darts
Armour
 c - a +0 robe
 l - a +0 ring mail (worn)
 m - a +1 hat (worn)
 s - a +0 scale mail
 z - a +1 robe of positive energy
Jewellery
 i - a ring of ice
 u - a ring of willpower (left hand)
Wands
 d - a wand of polymorph (5) (quivered)
Scrolls
 e - a scroll of poison {unknown}
 f - a scroll of enchant armour {unknown}
 h - a scroll of amnesia {unknown}
 n - 2 scrolls of vulnerability {unknown}
 o - a scroll of acquirement {unknown}
 q - a scroll of brand weapon {unknown}
 y - a scroll of blinking {unknown}
 C - a scroll of teleportation
 E - 2 scrolls of magic mapping {unknown}
 H - a scroll of noise {unknown}
 J - a scroll of immolation {unknown}
Potions
 b - 3 potions of haste
 g - a potion of brilliance
 j - a potion of lignification
 k - 3 potions of might
 p - 4 potions of attraction
 t - a potion of magic {unknown}
 w - a potion of berserk rage {unknown}
 D - 2 potions of ambrosia
 F - a potion of curing {unknown}
 G - 2 potions of invisibility {unknown}
 I - 2 potions of degeneration {unknown}


   Skills:
 + Level 3.0 Fighting
 + Level 3.0 Short Blades
 + Level 3.0 Long Blades
 + Level 3.0 Axes
 + Level 3.0 Maces & Flails
 + Level 3.0 Polearms
 + Level 3.0 Staves
 + Level 3.0 Ranged Weapons
 + Level 3.0 Throwing
 + Level 3.0 Armour
 + Level 3.0 Dodging
 + Level 3.9 Stealth
 + Level 3.0 Shields
 + Level 3.0 Unarmed Combat
 + Level 4.2 Spellcasting
 + Level 2.4 Conjurations
 + Level 2.4 Hexes
 + Level 2.4 Summonings
 + Level 2.4 Necromancy
 + Level 2.4 Translocations
 + Level 2.4 Transmutations
 + Level 4.6 Fire Magic
 + Level 2.4 Ice Magic
 + Level 7.6 Air Magic
 + Level 2.4 Earth Magic
 + Level 2.4 Poison Magic
 + Level 3.3 Invocations
 + Level 5.5 Evocations


You had 13 spell levels left.
You knew the following spells:

 Your Spells              Type           Power      Damage    Failure   Level
a - Foxfire               Conj/Fire      60%        2x1d7     10%         1
b - Shock                 Conj/Air       80%        1d8       4%          1

Your spell library contained the following spells:

 Spells                   Type           Power      Damage    Failure   Level
 Apportation              Tloc           24%        N/A       14%         1
 Magic Dart               Conj           48%        1d5       14%         1
 Necrotise                Necr           48%        1d6       14%         1
 Summon Small Mammal      Summ           48%        N/A       14%         1
 Searing Ray              Conj           24%        2d5       22%         2
 Mephitic Cloud           Conj/Pois/Air  17%        N/A       22%         3
 Conjure Flame            Conj/Fire      15%        6-21      28%         3
 Inner Flame              Hex/Fire       15%        N/A       28%         3
 Dazzling Flash           Conj/Hex       24%        N/A       41%         3
 Fulminant Prism          Conj/Hex       6%         3d7       82%         4
 Iskenderun's Mystic Bla  Conj/Tloc      12%        2d5       82%         4
 Starburst                Conj/Fire      7%         6d4       100%        6


Dungeon Overview and Level Annotations

Branches:
Dungeon (5/15)             Temple (0/1) D:5

Altars:
Yredelemnul

Shops:
D:4 ?

Annotations:
D:5 Ijyb


Innate Abilities, Weirdness & Mutations

You have very sharp teeth.
Your uncanny sense of smell can sniff out nearby items.
Your experience applies equally to all skills.


Message History

Ijyb is lightly wounded.
The water moccasin closely misses you.
The water moccasin bites you but does no damage.
Casting: Shock (safe; 4% risk of failure)
Confirm with . or Enter, or press ? or * to list all spells.
Aiming: Shock (safe; 4% risk of failure)
Press: ? - help, Shift-Dir - straight line, f/p - water moccasin
Aim: a water moccasin (severely wounded, poisoned, 53% to hit)
The zap hits the water moccasin.
The water moccasin is severely wounded.
The water moccasin completely misses you.
Ijyb hits you but does no damage.
You miss the water moccasin.
The water moccasin is almost dead.
The water moccasin bites you. Ijyb hits you with a +0 club.
The water moccasin bites you.
You are poisoned.
The water moccasin poisons you!
You barely miss the water moccasin.
The water moccasin is almost dead.
You feel very sick. The water moccasin bites you.
Ijyb zaps a wand.
The puff of flame hits you!
The water moccasin bites you but does no damage.
You barely miss the water moccasin.
The water moccasin is almost dead.
You feel sick. Ijyb screams, "I no like you!" Ijyb hits you with a +0 club.
* * * LOW HITPOINT WARNING * * *
The water moccasin bites you.
* * * LOW HITPOINT WARNING * * *
Ijyb hits you but does no damage. The water moccasin closely misses you.
You barely miss the water moccasin.
You bite the water moccasin, but do no damage.
The water moccasin is almost dead.
You feel sick. The water moccasin bites you!
* * * LOW HITPOINT WARNING * * *
Ijyb hits you with a +0 club.
You die...
Your body rises from the dead as a mindless zombie.

#.......#######
#..Z....#
#.####### ##.#
######## ##..#
........ #
#...# ....####
##.####.###
....####
#.......#
.......
#.....@.######.
....##.
#.....Sg.......
.. #.
#.......#####..
.###. #.......#
#.... #.......#
......
#.......#
.....#
##......#
......
#.......#
....##
#.......# ....


You could see a water moccasin (poisoned) and Ijyb.

Vanquished Creatures
  Sigmund (D:3)
  A black bear (D:5)
  A phantom (D:5)
  A necrophage (D:5)
  A scorpion (D:5)
  An orc priest (D:3)
  2 hounds
  An iguana (D:5)
  2 orc wizards
  6 gnolls
  3 worms
  2 dart slugs
  13 orcs
  8 endoplasms
  4 giant cockroaches
  6 hobgoblins
  11 jackals
  6 ball pythons
  5 bats
  4 frilled lizards
  11 goblins
  5 kobolds
  5 rats
100 creatures vanquished.

Vanquished Creatures (collateral kills)
  An ogre (D:5)
  A jelly (D:5)
  A gnoll (D:4)
  An adder (D:5)
  An orc (D:4)
  An endoplasm (D:2)
  A giant cockroach (D:4)
  A jackal (D:5)
  2 jackal zombies
  2 orc zombies (D:3)
  A rat (D:2)
  A foxfire (D:2)
14 creatures vanquished.

Vanquished Creatures (others)
  A hound zombie (D:5)
  An iguana zombie (D:5)
  An adder zombie (D:5)
  2 gnoll zombies (D:3)
  2 endoplasm zombies (D:3)
  A frilled lizard zombie (D:2)
  A giant cockroach zombie (D:2)
  A goblin zombie (D:2)
  3 jackal zombies
  A kobold zombie (D:3)
  4 orc zombies
  25 foxfires
  12 plants (D:2)
55 creatures vanquished.

Grand Total: 169 creatures vanquished

Notes
Turn   | Place    | Note
-------+----------+-------------------------------------------
     0 | D:1      | LustLizard the Gnoll Wanderer began the quest for the Orb.
     0 | D:1      | LustLizard set off with the following items: a +0 dagger, a
                  | potion of haste, a +0 robe, a wand of polymorph (5); and
                  | the following spells available to memorise: Shock, Foxfire,
                  | Mephitic Cloud, Conjure Flame, Inner Flame.
     0 | D:1      | Reached XP level 1. HP: 13/13 MP: 4/4
     2 | D:1      | Learned a level 1 spell: Foxfire
     4 | D:1      | Learned a level 1 spell: Shock
   168 | D:1      | Reached XP level 2. HP: 20/20 MP: 1/5
   684 | D:1      | Found a faded altar of an unknown god.
  1042 | D:1      | Prayed at the altar of an unknown god.
  1042 | D:1      | Became a worshipper of Yredelemnul the Dark
  1289 | D:2      | Reached XP level 3. HP: 25/25 MP: 4/7
  1730 | D:2      | Reached * piety under Yredelemnul
  2025 | D:2      | Reached skill level 1 in Invocations
  2583 | D:2      | Reached skill level 1 in Fighting
  2583 | D:2      | Reached skill level 1 in Short Blades
  2583 | D:2      | Reached skill level 1 in Long Blades
  2583 | D:2      | Reached skill level 1 in Axes
  2583 | D:2      | Reached skill level 1 in Maces & Flails
  2583 | D:2      | Reached skill level 1 in Polearms
  2583 | D:2      | Reached skill level 1 in Staves
  2583 | D:2      | Reached skill level 1 in Ranged Weapons
  2583 | D:2      | Reached skill level 1 in Throwing
  2583 | D:2      | Reached skill level 1 in Armour
  2583 | D:2      | Reached skill level 1 in Dodging
  2583 | D:2      | Reached skill level 1 in Shields
  2583 | D:2      | Reached skill level 1 in Unarmed Combat
  2618 | D:2      | Reached ** piety under Yredelemnul
  2984 | D:3      | Noticed Sigmund
  3116 | D:3      | Reached XP level 4. HP: 24/32 MP: 8/8
  3346 | D:3      | Reached skill level 1 in Conjurations
  3346 | D:3      | Reached skill level 1 in Hexes
  3346 | D:3      | Reached skill level 1 in Summonings
  3346 | D:3      | Reached skill level 1 in Necromancy
  3346 | D:3      | Reached skill level 1 in Translocations
  3346 | D:3      | Reached skill level 1 in Transmutations
  3346 | D:3      | Reached skill level 1 in Ice Magic
  3346 | D:3      | Reached skill level 1 in Earth Magic
  3346 | D:3      | Reached skill level 1 in Poison Magic
  3790 | D:3      | Reached XP level 5. HP: 5/37 MP: 0/9
  4419 | D:3      | Killed Sigmund
  4420 | D:3      | Reached skill level 5 in Evocations
  4420 | D:3      | Reached XP level 6. HP: 19/44 MP: 5/11
  5238 | D:4      | Found Costradue's Magic Scroll Emporium.
  5241 | D:4      | Bought a scroll of identify for 28 gold pieces
  5241 | D:4      | Bought a scroll of identify for 28 gold pieces
  5241 | D:4      | Bought a scroll of teleportation for 42 gold pieces
  5241 | D:4      | Bought a scroll of identify for 28 gold pieces
  5998 | D:4      | Reached XP level 7. HP: 32/50 MP: 12/12
  6180 | D:5      | Entered Level 5 of the Dungeon
  6494 | D:5      | Found a staircase to the Ecumenical Temple.
  6694 | D:5      | Reached XP level 8. HP: 58/58 MP: 8/14
  6723 | D:5      | Noticed Ijyb
  6733 | D:5      | HP: 1/58 [water moccasin (8)]
  6733 | D:5      | Slain by Ijyb

Illustrated notes

Levels and vault maps discovered:
D:1:      dpeg_arrival_prison, layout_rooms,
          shapermc_ecumenical_altar_acropolis, nicolae_hexahallways,
          dreamdust_wishing_well, minmay_pentomino_q4
D:2:      layout_basic, serial_forest, infiniplex_forest_end_3,
          infiniplex_forest_clump_diagonal, infiniplex_forest_end_3,
          infiniplex_forest_lined_2, infiniplex_forest_lined_4_way,
          infiniplex_forest_lined_3, infiniplex_forest_zigzag_2,
          infiniplex_forest_clump_C, infiniplex_forest_diagonal,
          infiniplex_forest_end_double
D:3:      layout_basic, uniq_sigmund
D:4:      layout_basic, serial_shops, nicolae_shop_behind_doors, dk_vineyard_1
D:5:      layout_basic, minmay_temple_entry_junction_2, serial_shops,
          nicolae_shop_bloodbath_and_beyond, grunt_ministairs_10, uniq_ijyb

Skill      XL: |  1  2  3  4  5  6  7 |
---------------+----------------------+-----
Invocations    | 1 2 3 |  3.3
Fighting       | 1 2 3 |  3.0
Short Blades   | 1 2 3 |  3.0
Long Blades    | 1 2 3 |  3.0
Axes           | 1 2 3 |  3.0
Maces & Flails | 1 2 3 |  3.0
Polearms       | 1 2 3 |  3.0
Staves         | 1 2 3 |  3.0
Ranged Weapons | 1 2 3 |  3.0
Throwing       | 1 2 3 |  3.0
Armour         | 1 2 3 |  3.0
Dodging        | 1 2 3 |  3.0
Shields        | 1 2 3 |  3.0
Unarmed Combat | 1 2 3 |  3.0
Spellcasting   | 3 4 |  4.2
Conjurations   | 1 2 |  2.4
Hexes          | 1 2 |  2.4
Summonings     | 1 2 |  2.4
Necromancy     | 1 2 |  2.4
Translocations | 1 2 |  2.4
Transmutations | 1 2 |  2.4
Ice Magic      | 1 2 |  2.4
Earth Magic    | 1 2 |  2.4
Poison Magic   | 1 2 |  2.4
Fire Magic     | 4 |  4.6
Stealth        | 3 |  3.9
Evocations     | 5 |  5.5
Air Magic      | |  7.6

Action                   |  1- 3 |  4- 6 |  7- 9 || total
-------------------------+-------+-------+-------++-------
Melee: Dagger            |    97 |       |       ||    97
       Falchion          |    43 |    33 |       ||    76
       Bite              |    20 |     8 |     4 ||    32
       Punch             |     1 |       |       ||     1
       Halberd           |       |    58 |    45 ||   103
 Cast: Shock             |    37 |    42 |    18 ||    97
       Foxfire           |     8 |     5 |     1 ||    14
Invok: Recall Undead Har |     2 |     1 |       ||     3
  Use: Scroll            |       |     4 |     1 ||     5
 Stab: Sleeping          |     5 |     3 |     1 ||     9
Armor: Ring mail         |    34 |    43 |    24 ||   101
Dodge: Dodged            |    38 |    41 |    29 ||   108
